AoeStats
← Chaac1706

Arabia

509245637Analyzed
1v1 RM · 7d ago on Sep 26, 2026· 36m 44s· 2 players
Game mode
Random Map
Map size
Tiny (2 player)
Population
200
Speed
Normal
Resources
Standard
Victory
Conquest
Starting age
Dark Age
Ending age
Imperial Age
RankedLock teamsTeams togetherTeam positionsShared explorationLock speedFull tech treeHidden civsTurbo modeCheats
Victory
Defeat
🇲🇽 Georgians · Mexico
1171
+15
🇨🇴 Muisca · Colombia
1157
-15
Chaac1706
10:44 Feudal Age
11:25 Loom
16:04 Double-Bit Axe
20:11 Horse Collar
21:57 Wheelbarrow
23:25 Castle Age
21:45 Scale Mail Armor
22:57 Forging
24:04 Wheelbarrow
23:21 Town Watch
23:30 Pikeman
24:23 Bow Saw
26:25 Champi Runner
27:06 Squires
27:36 Chain Mail Armor
27:19 Gold Mining
30:21 Hand Cart
33:10 Heavy Plow
34:45 Champi Warrior
36:20 Town Patrol
maesingamb
5:17 Loom
7:57 Feudal Age
15:50 Double-Bit Axe
15:57 Gold Mining
17:52 Wheelbarrow
21:54 Castle Age
20:18 Gold Mining
20:46 Fletching
21:12 Bloodlines
21:24 Fletching
22:33 Bodkin Arrow
23:10 Bow Saw
23:29 Horse Collar
25:11 Padded Archer Armor
25:17 Scale Barding Armor
27:39 Ballistics
27:55 Leather Archer Armor
29:35 Hand Cart
31:42 Husbandry
35:19 Imperial Age
32:35 Town Watch
32:56 Stone Mining
32:38 Light Cavalry
34:58 Chain Barding Armor
35:41 Forging
36:17 Bracer
36:53 Plate Barding Armor
35:53 Hussar
Connection lost

Rejoining the realm…

Still unreachable

The connection could not be restored.

Session expired

The server has moved on; the page needs a fresh start.